 Dungeon Crawl Stone Soup version 0.27-a0-223-ge082b6e869 (webtiles) character file.

Game seed: 4336699019750909334

2650 runemasterragnar the Ruffian (level 9, -11/89 HPs)
             Began as a Troll Monk on Feb 1, 2021.
             Mangled by Duvessa
             ... wielding a +2 rapier of speed
              (25 damage)
             ... on level 6 of the Dungeon.
             The game lasted 00:06:19 (4813 turns).

runemasterragnar the Ruffian (Troll Monk)           Turns: 4813, Time: 00:06:20

Health: -11/89     AC:  8    Str: 24    XL:     9   Next: 36%
Magic:  17/17      EV: 12    Int:  6    God:
Gold:   240        SH:  0    Dex: 12    Spells: 8/8 levels left

rFire    + + .     SeeInvis .     - Unarmed
rCold    + + .     Faith    .   (no shield)
rNeg     . . .     Spirit   .   s - +2 robe {rC+ rF+}
rPois    +         Reflect  .   (helmet restricted)
rElec    +         Harm     +   l - scarf {harm}
rCorr    +         Rampage  .   (gloves unavailable)
Will     .....                  (boots unavailable)
Stlth    ++........             (no amulet)
HPRegen  0.64/turn              f - ring of magical power
MPRegen  0.15/turn              (no ring)

@: resistant, very slightly contaminated, invisible
A: large, unfitting armour, claws 3, regeneration 1, shaggy fur 1, tough skin 3
a: no special abilities


You were on level 6 of the Dungeon.
You visited 2 branches of the dungeon, and saw 7 of its levels.

You collected 240 gold pieces.

Inventory:

Missiles
 k - 3 boomerangs (quivered)
 A - a throwing net
Armour
 l - a scarf of harm (worn)
 s - a +2 robe of resistance (worn)
 y - a +0 cloak
Magical Staves
 q - an uncursed staff of conjuration {unknown}
Jewellery
 f - a ring of magical power (left claw)
 j - an uncursed amulet of magic regeneration
Wands
 z - a wand of random effects (26)
Scrolls
 d - a scroll of immolation
 i - 2 scrolls of teleportation {unknown}
 n - 2 scrolls of enchant armour
 r - 2 scrolls of remove curse
 w - a scroll of amnesia
Potions
 a - a potion of mutation {unknown}
 b - 2 potions of degeneration
 c - a potion of resistance
 g - 2 potions of flight
 h - 3 potions of heal wounds
 m - a potion of ambrosia {unknown}
 o - a potion of cancellation {unknown}
 t - 2 potions of curing
 u - 2 potions of haste
 v - a potion of brilliance {unknown}
 x - 2 potions of attraction


   Skills:
 + Level 6.1 Fighting
 + Level 4.9 Throwing
 + Level 6.0 Dodging
 - Level 1.0 Stealth
 + Level 7.3 Unarmed Combat


You had 8 spell levels left.
You didn't know any spells.
Your spell library contained the following spells:

 Spells                   Type           Power        Failure   Level
 Confusing Touch          Hex            0%           83%         3
 Gell's Gravitas          Tloc           0%           83%         3
 Petrify                  Tmut/Erth      0%           99%         4
 Metabolic Englaciation   Hex/Ice        0%           100%        5
 Yara's Violent Unravell  Hex/Tmut       0%           100%        5


Dungeon Overview and Level Annotations

Branches:
Dungeon (6/15)             Temple (1/1) D:5

Altars:
Ashenzari
Elyvilon
Fedhas
Gozag
Hepliaklqana
Kikubaaqudgha
Makhleb
Nemelex Xobeh
Okawaru
Qazlal
Ru
Sif Muna
Trog
Uskayaw
Vehumet
Wu Jian
Xom
Yredelemnul
Zin
The Shining One

Shops:
D:4 *([*   D:5 ?

Annotations:
D:6 Duvessa


Innate Abilities, Weirdness & Mutations

You are too large for most types of armour.
You have claws for hands.
Your natural rate of healing is unusually fast.
You are covered in fur. (AC +1)
You have extremely tough skin. (AC +3)


Message History

You feel protected. Duvessa barely misses you.
You feel much better.
Duvessa hits you with a +2 rapier of speed.
* * * LOW HITPOINT WARNING * * *
The orc hits you but does no damage. Duvessa completely misses you.
Unknown command.
Unknown command.
Okay, then.
It was a potion of invisibility.
You fade into invisibility!
Duvessa hits you with a +2 rapier of speed!
* * * LOW HITPOINT WARNING * * *
The orc closely misses you. Duvessa hits you but does no damage.
You are very lightly contaminated with residual magic.
Unknown command.
The orc wizard gestures at the orc while chanting.
The magic dart hits something!
Duvessa hits you with a +2 rapier of speed!!
You die...

.... ## ...# ... ##. .#.#
...###.. ...##
.......###....#..
#####...##..#o......
##.....#.#...)oo.## .
##.........##e.....#...
.#.......#.....@.o......
......................#..
.................#....#..
............####..........
...........##.###.........
..........##)))###........
........†##..#..##........
.........##.###..#........
........##...##.)..........


You could see Duvessa (berserk), an orc priest, an orc wizard and 2 orcs.

Vanquished Creatures
  Pikel (D:4)
  Menkaure (D:4)
  2 sky beasts (D:5)
  2 ice beasts
  A necrophage (D:6)
  2 ogres
  5 centaurs
  A lemure (D:4)
  Dowan (D:6)
  A scorpion (D:6)
  A bullfrog skeleton (D:4)
  A jelly (D:5)
  A hound (D:4)
  A gnoll shaman (D:4)
  4 orc priests
  Crazy Yiuf (D:4)
  A centaur skeleton (D:4)
  An iguana (D:5)
  11 orc wizards
  3 worker ants
  A hound skeleton (D:6)
  12 gnolls
  8 adders
  A shadow imp (D:5)
  2 white imps
  3 ufetubi (D:5)
  An adder skeleton (D:4)
  A worm (D:5)
  A dart slug (D:2)
  4 leopard geckos
  20 orcs
  3 ball pythons
  5 giant cockroaches
  9 goblins
  5 hobgoblins
  2 jackals (D:4)
  5 bats
  5 frilled lizards
  6 kobolds
  A quokka skeleton (D:5)
  5 rats
142 creatures vanquished.

Notes
Turn   | Place    | Note
-------+----------+-------------------------------------------
     0 | D:1      | runemasterragnar the Troll Monk began the quest for the
                  | Orb.
     0 | D:1      | Reached XP level 1. HP: 22/22 MP: 0/0
   270 | D:1      | Reached XP level 2. HP: 29/29 MP: 1/1
  1122 | D:2      | Reached XP level 3. HP: 32/36 MP: 2/2
  1646 | D:3      | Reached XP level 4. HP: 41/45 MP: 3/3
  1682 | D:3      | Reached skill level 4 in Unarmed Combat
  1732 | D:3      | Noticed an ice beast
  1749 | D:3      | Killed an ice beast
  1750 | D:3      | Reached XP level 5. HP: 29/53 MP: 4/4
  2116 | D:3      | Reached XP level 6. HP: 62/62 MP: 5/5
  2270 | D:3      | Found an iron altar of Okawaru.
  2573 | D:4      | Reached skill level 1 in Throwing
  2640 | D:4      | Reached skill level 5 in Unarmed Combat
  2659 | D:4      | Noticed Pikel
  2672 | D:4      | Killed Pikel
  2673 | D:4      | Reached XP level 7. HP: 41/71 MP: 6/6
  2729 | D:4      | Found a shimmering altar of Xom.
  2729 | D:4      | Found a radiant altar of Vehumet.
  2730 | D:4      | Found a broken altar of Ashenzari.
  2731 | D:4      | Found a hazy altar of Hepliaklqana.
  2762 | D:4      | Found Lym Reseu's General Store.
  2844 | D:4      | Found Puac Ruox's General Store.
  2857 | D:4      | Reached XP level 8. HP: 79/79 MP: 7/7
  2903 | D:4      | Noticed Menkaure
  2908 | D:4      | Killed Menkaure
  2909 | D:4      | Reached skill level 6 in Unarmed Combat
  3025 | D:4      | Reached skill level 5 in Dodging
  3029 | D:4      | Reached skill level 5 in Fighting
  3131 | D:4      | Found a runed translucent door.
  3132 | D:4      | Noticed Crazy Yiuf
  3159 | D:4      | Found Faah's Armour Shoppe.
  3168 | D:4      | Found Zuulai Etuce's Weapon Shop.
  3247 | D:4      | Found a basalt altar of Yredelemnul.
  3289 | D:4      | Killed Crazy Yiuf
  3327 | D:5      | Entered Level 5 of the Dungeon
  3568 | D:5      | Reached XP level 9. HP: 38/89 MP: 8/8
  3821 | D:5      | Found Nuozot's Magic Scroll Shop.
  3862 | D:5      | Found a staircase to the Ecumenical Temple.
  3915 | Temple   | Entered the Ecumenical Temple
  4399 | D:6      | Reached skill level 7 in Unarmed Combat
  4422 | D:6      | Noticed Dowan
  4436 | D:6      | Found a burning altar of Makhleb.
  4462 | D:6      | Killed Dowan
  4799 | D:6      | Noticed Duvessa
  4801 | D:6      | Identified the ring "Hec Gin" {rF+ Dex+5}
  4808 | D:6      | HP: 3/89 [Duvessa/+2 rapier of speed (18)]
  4813 | D:6      | Mangled by Duvessa

Illustrated notes

Levels and vault maps discovered:
D:1:      dpeg_arrival_pits, layout_basic
D:2:      layout_rooms, hex_medium
D:3:      layout_basic, marbit_many_paths
D:4:      layout_rooms, general_overflow_altar,
          chequers_temple_overflow_statue_of_worship, serial_shops, shop,
          nicolae_shop_waterfront, shop, shop_fountains, st_stairs_8,
          kennysheep_small_square, uniq_menkaure, uniq_crazy_yiuf_cottage,
          uniq_pikel
D:5:      minmay_chambers_of_threes, layout_rooms,
          minmay_temple_entry_antechambers, serial_shops, shop
D:6:      layout_cave_pools, minmay_misc_feat_tiny, makhleb_blood_cavern_becter,
          uniq_duvessa
Temple:   zaba_magenta_temple

Skill      XL: |  1  2  3  4  5  6  7  8  9 |
---------------+----------------------------+-----
Dodging        | 3 4 5 6 |  6.0
Fighting       | 3 4 5 6 |  6.1
Unarmed Combat | 4 5 6 7 |  7.3
Throwing       | 2 4 |  4.9
Stealth        | |  1.0

Action                   |  1- 3 |  4- 6 |  7- 9 || total
-------------------------+-------+-------+-------++-------
Melee: Unarmed           |    90 |   114 |   214 ||   418
       Punch             |     1 |     5 |     5 ||    11
Throw: Boomerang         |       |       |     6 ||     6
  Use: Scroll            |       |     5 |     9 ||    14
       Potion            |       |       |     4 ||     4
 Stab: Sleeping          |     2 |     2 |     2 ||     6
Armor: Robe              |    32 |    38 |    70 ||   140
Dodge: Dodged            |    43 |    52 |   136 ||   231

Table legend: (Time is in decaauts)
 A = Elapsed time spent in this place.
 B = Non-inter-level travel time spent in this place.
 C = Inter-level travel time spent in this place.
 D = Time resting spent in this place.
 E = Time spent auto-exploring this place.
 F = Levels seen in this place.
 G = Mean time per level.
                   A        B        C        D        E       F      G
               +--------+--------+--------+--------+--------+-----+--------+
         Total |   4772 |   4513 |    259 |    450 |   3164 |   7 |  681.7 |
       Dungeon |   4695 |   4455 |    240 |    450 |   3107 |   6 |  782.5 |
        Temple |     76 |     57 |     19 |      0 |     57 |   1 |   76.0 |
               +--------+--------+--------+--------+--------+-----+--------+

Top non-repeatable levels by time:
     D:1: 1032 daAuts
     D:3: 1022 daAuts
     D:5: 966 daAuts
     D:4: 777 daAuts
     D:2: 471 daAuts
     D:6: 425 daAuts
  Temple: 76 daAuts
